 Dungeon Crawl Stone Soup version 0.22-a0-422-g9628fc8 (webtiles) character file.

149 Megalobster the Insei (level 5, -2/41 HPs)
             Began as a Draconian Transmuter on May 21, 2018.
             Slain by an orc
             ... wielding a +0 flail
              (9 damage)
             ... on level 3 of the Dungeon.
             The game lasted 00:11:07 (2917 turns).

Megalobster the Insei (Draconian Transmuter)        Turns: 2917, Time: 00:11:08

Health: -2/41      AC:  8    Str: 12    XL:     5   Next: 9%
Magic:  2/8        EV: 12    Int: 14    God:
Gold:   178        SH:  0    Dex: 12    Spells: 3/9 levels left

rFire    . . .     SeeInvis .   h - -1 dagger (curse)
rCold    + . .     Gourm    .   (no shield)
rNeg     . . .     Faith    .   (armour unavailable)
rPois    +         Spirit   .   (helmet restricted)
rElec    .         Reflect  .   (no cloak)
rCorr    .         Harm     .   m - +2 pair of gloves
MR       .....                  (no boots)
Stlth    +.........             (no amulet)
HPRegen  0.13/turn              g - ring of protection from cold
MPRegen  0.11/turn              b - ring of poison resistance

@: appendage, very slightly contaminated
A: unfitting armour, horns 2, cold-blooded, AC +5
a: End Transformation


You were on level 3 of the Dungeon.
You were not hungry.
You had grown temporary horns.
You visited 1 branch of the dungeon, and saw 3 of its levels.

You collected 178 gold pieces.

Inventory:

Hand Weapons
 f - a +0 dagger
 h - a cursed -1 dagger (weapon)
Missiles
 a - 45 arrows
 d - 7 javelins
 j - 30 stones (quivered)
 n - 5 tomahawks
 o - 38 sling bullets
Armour
 e - a +2 pair of gloves
 m - a +2 pair of gloves (worn)
Jewellery
 b - a ring of poison resistance (right hand)
 g - a ring of protection from cold (left hand)
Scrolls
 k - a scroll of fear
 s - a scroll of identify {@r1}
Potions
 i - 2 potions of curing {@q1}
 l - a potion of haste {unknown}
 p - a potion of degeneration {unknown}
 q - a potion of flight {unknown}


   Skills:
 + Level 2.2 Fighting
 + Level 2.3 Dodging
 * Level 4.0 Unarmed Combat
 + Level 2.6 Spellcasting
 * Level 3.2 Transmutations


You had 3 spell levels left.
You knew the following spells:

 Your Spells              Type           Power        Failure   Level  Hunger
a - Beastly Appendage     Tmut           ##....       6%          1    #......
b - Sticks to Snakes      Tmut           ##......     9%          2    ###....
c - Spider Form           Tmut/Pois      #.........   34%         3    ###....

Your spell library contained the following spells:

 Spells                   Type           Power        Failure   Level  Hunger
 Blade Hands              Tmut           ##........   86%         5    ######.
 Ice Form                 Ice/Tmut       #.......     75%         4    #####..


Dungeon Overview and Level Annotations

Branches:
Dungeon (3/15)

Altars:
Elyvilon


Innate Abilities, Weirdness & Mutations

Your plain brown scales are hard. (AC +5)
You cannot fit into any form of body armour.
You are cold-blooded and may be slowed by cold attacks.
You have a pair of horns on your head.


Message History

You kill the orc!
You barely miss the orc.
Your tail-slap misses the orc.
Your ball python closely misses the orc.
Your ball python barely misses the orc.
The orc hits your ball python with a flail.
Your ball python dies!
Casting: Sticks to Snakes (safe; 9% risk of failure)
Confirm with . or Enter, or press ? or * to list all spells.
You create a snake!
You now have 45 arrows.
The orc priest invokes the aid of Beogh against you.
Beogh smites you!
* * * LOW HITPOINT WARNING * * *
The orc misses your ball python.
You take 13 damage, and have 7/41 hp.
MASSIVE DAMAGE!!
You now have 1/8 mp.
You hit the orc but do no damage.
Your ball python bites the orc.
Your ball python completely misses the orc.
You barely miss the orc.
The orc is lightly wounded.
The orc hits you with a flail!
You die...

.## ## ... .. ## #.. ..##o
#. ..# #.#. #.##.# #..
#....# #o# #..#.# #o#
#..#.#####o# ###..#.....@S#
#........######+# #.##.###.#
##...## #.###.# ##.....##
### # #..##.###.......##
##.##
#.##.>.#.##.........####....
#.........+.........'.......
####...####.........####....
#..## #.......## ##.#.


You could see an orc priest, 2 orcs and a friendly ball python.

Vanquished Creatures
  3 orc priests
  An adder (D:2)
  2 dart slugs (D:1)
  3 leopard geckos
  4 orcs
  2 giant cockroaches
  3 goblins (D:1)
  3 hobgoblins (D:1)
  7 kobolds
  A quokka (D:2)
  2 bats (D:1)
  4 frilled lizards (D:1)
  5 rats (D:1)
40 creatures vanquished.

Vanquished Creatures (collateral kills)
  A worm (D:2)
1 creature vanquished.

Grand Total: 41 creatures vanquished

Notes
Turn   | Place    | Note
-------+----------+-------------------------------------------
     0 | D:1      | Megalobster the Draconian Transmuter began the quest for the Orb.
     0 | D:1      | Reached XP level 1. HP: 16/16 MP: 3/3
   230 | D:1      | Reached XP level 2. HP: 23/23 MP: 5/5
   711 | D:1      | Learned a level 2 spell: Sticks to Snakes
   810 | D:1      | Reached XP level 3. HP: 21/28 MP: 6/6
  2068 | D:2      | Learned a level 3 spell: Spider Form
  2298 | D:2      | Reached XP level 4. HP: 17/36 MP: 7/7
  2529 | D:2      | Found a white marble altar of Elyvilon.
  2781 | D:3      | Noticed an ice beast
  2903 | D:3      | Reached skill level 4 in Unarmed Combat
  2903 | D:3      | Reached XP level 5. HP: 19/41 MP: 8/8
  2917 | D:3      | Slain by an orc

Vault maps used:
D:1:      sevenhm_arrival_forest_fort_small_4, serial_corexii_hall,
          corexii_hall_statues_s, corexii_hall_statues_l,
          corexii_hall_statues_i, corexii_hall_statues_l
D:2:      cheibrodos_pilgrimage, nicolae_overflow_crystal_walls, first_ration
D:3:      okawaru_trees_2

Skill      XL: |  1  2  3  4 |
---------------+-------------+-----
Dodging        | 2 |  2.3
Fighting       | 2 |  2.2
Transmutations | 3 |  3.2
Unarmed Combat | 4 |  4.0
Spellcasting   | |  2.6

Action                   |  1- 3 |  4- 6 || total
-------------------------+-------+-------++-------
Melee: Unarmed           |    12 |       ||    12
       Dagger            |   179 |    37 ||   216
       Tailslap          |    20 |     5 ||    25
       Kick              |     2 |     4 ||     6
       Headbutt          |     3 |     1 ||     4
Throw: Stone             |     7 |       ||     7
 Cast: Beastly Appendage |    12 |     4 ||    16
       Sticks to Snakes  |       |     4 ||     4
  Use: Scroll            |     6 |       ||     6
       Potion            |     1 |       ||     1
  Eat: Chunk             |     1 |     1 ||     2
       Ration            |     1 |     1 ||     2
Armor: Skin              |    74 |     8 ||    82
Dodge: Dodged            |   131 |    13 ||   144

Table legend:
 A = Spawn XP
 B = Non-spawn XP
 C = Spawn XP percentage of total XP
 D = Spawn monster count
 E = Non-spawn monster count
 F = Spawn count percentage of total count
 G = Total turns spent on level
                    A         B        C        D         E        F      G
               +---------+---------+-------+---------+---------+-------+---------
         Total |       0 |     213 |   0.0 |       0 |      41 |   0.0 |  2917
               +---------+---------+-------+---------+---------+-------+---------
           D:1 |       0 |      47 |   0.0 |       0 |      27 |   0.0 |  1512
           D:2 |       0 |     120 |   0.0 |       0 |      12 |   0.0 |  1184
           D:3 |       0 |      46 |   0.0 |       0 |       2 |   0.0 |   221
               +---------+---------+-------+---------+---------+-------+---------
